 Dungeon Crawl Stone Soup version 0.27-a0-1532-gca18f49f40 (webtiles) character file.

Game seed: 16809001469997369747

115 Tocho the Firebug (level 5, 0/46 HPs)
             Began as an Ogre Fire Elementalist on July 12, 2021.
             Slain by a goblin (4 damage)
             ... on level 3 of the Dungeon.
             The game lasted 00:06:45 (5570 turns).

Tocho the Firebug (Ogre Fire Elementalist)          Turns: 5570, Time: 00:06:46

Health: 0/46       AC:  3    Str: 13    XL:     5   Next: 0%
Magic:  1/9        EV: 10    Int: 16    God:
Gold:   75         SH:  0    Dex:  9    Spells: 9/10 levels left

rFire    . . .     SeeInvis .   g - +0 club
rCold    . . .     Faith    .   (no shield)
rNeg     . . .     Spirit   .   a - +0 robe
rPois    .         Reflect  .   (helmet restricted)
rElec    .         Harm     .   (no cloak)
rCorr    .         Rampage  .   (gloves unavailable)
Will     .....                  (boots unavailable)
Stlth    +.........             (no amulet)
HPRegen  0.15/turn              (no ring)
MPRegen  0.11/turn              (no ring)

@: no status effects
A: large, unfitting armour, tough skin 1
a: no special abilities


You were on level 3 of the Dungeon.
You visited 1 branch of the dungeon, and saw 3 of its levels.

You collected 75 gold pieces.

Inventory:

Hand Weapons
 e - a +0 dagger
 g - a +0 club (weapon)
Missiles
 d - 2 throwing nets
Armour
 a - a +0 robe (worn)
Scrolls
 b - a scroll of fog
 c - a scroll of teleportation
 j - a scroll of silence {unknown}
 o - a scroll of fear {unknown}
Potions
 f - a potion of brilliance {unknown}
 h - a potion of invisibility {unknown}
 i - a potion of might {unknown}
 k - a potion of mutation {unknown}
 l - a potion of curing {unknown}
 m - a potion of degeneration {unknown}
 n - a potion of resistance {unknown}
 p - a potion of cancellation {unknown}


   Skills:
 + Level 0.7 Fighting
 - Level 1.0 Short Blades
 * Level 1.1 Maces & Flails
 + Level 2.4 Dodging
 - Level 1.4 Stealth
 + Level 3.1 Spellcasting
 * Level 1.4 Conjurations
 * Level 3.4 Fire Magic


You had 9 spell levels left.
You knew the following spells:

 Your Spells              Type           Power      Damage    Failure   Level
a - Foxfire               Conj/Fire      40%        2x1d6     7%          1

Your spell library contained the following spells:

 Spells                   Type           Power      Damage    Failure   Level
 Conjure Flame            Conj/Fire      10%        6-21      21%         3
 Inner Flame              Hex/Fire       8%         N/A       26%         3
 Sticky Flame             Conj/Fire      10%        2d3       56%         4
 Fireball                 Conj/Fire      5%         3d5       88%         5


Dungeon Overview and Level Annotations

Branches:
Dungeon (3/15)

Altars:


Innate Abilities, Weirdness & Mutations

You are too large for most types of armour.
You have tough skin. (AC +1)


Message History

The bullfrog hits you! The goblin closely misses you.
Casting: Foxfire (safe; 7% risk of failure)
Press: ? - help, Q - select action, (/) - cycle Dir - look around, f - activate You conjure some foxfire!
The foxfire hits the bullfrog.
The bullfrog is almost dead.
The adder bites you. The bullfrog hits you.
The foxfire hits the hobgoblin but does no damage.
The giant cockroach bites you but does no damage.
The adder bites you.
The bullfrog hits you but does no damage.
The goblin hits you but does no damage.
Casting: Foxfire (safe; 7% risk of failure)
Press: ? - help, Q - select action, (/) - cycle Dir - look around, f - activate You conjure some foxfire!
The foxfire hits the giant cockroach.
You kill the giant cockroach!
The bullfrog hits you. The adder bites you. The goblin misses you.
You have reached level 5!
Casting: Foxfire (safe; 7% risk of failure)
Press: ? - help, Q - select action, (/) - cycle Dir - look around, f - activate You conjure some foxfire!
The foxfire hits the hobgoblin.
The hobgoblin is heavily wounded.
The foxfire hits the hobgoblin.
The hobgoblin is severely wounded.
The bullfrog hits you.
* * * LOW HITPOINT WARNING * * *
The adder barely misses you. The rat closely misses you.
The hobgoblin barely misses you. The bullfrog hits you.
* * * LOW HITPOINT WARNING * * *
The goblin misses you.
The foxfire hits the rat.
You kill the rat!
The adder bites you.
* * * LOW HITPOINT WARNING * * *
The bullfrog closely misses you. The adder bites you.
* * * LOW HITPOINT WARNING * * *
The goblin hits you with a +0 club.
You die...

##...###.# ..
##......#.###..
#.......#.#...
.............
...........#
......w.... .#
......SgJ#./.#
.....gF@.....#
#.....g.ยง..#.#
#........#....#
##........ ....
###.....## ...
#.....# #.
<..#..#
..###...


You could see a bullfrog, an adder, a dart slug, an endoplasm, a hobgoblin and 2
goblins.

Vanquished Creatures
  A gnoll (D:1)
  An adder (D:2)
  2 worms (D:2)
  5 dart slugs
  An orc (D:2)
  4 bats
  7 endoplasms
  4 giant cockroaches
  6 goblins
  8 hobgoblins
  18 jackals
  2 kobolds (D:1)
  A quokka (D:1)
  3 ball pythons
  3 frilled lizards
  4 rats
70 creatures vanquished.

Vanquished Creatures (others)
  231 foxfires
  4 fungi (D:1)
  6 plants (D:1)
241 creatures vanquished.

Grand Total: 311 creatures vanquished

Notes
Turn   | Place    | Note
-------+----------+-------------------------------------------
     0 | D:1      | Tocho the Ogre Fire Elementalist began the quest for the
                  | Orb.
     0 | D:1      | Reached XP level 1. HP: 16/16 MP: 3/3
   160 | D:1      | Reached XP level 2. HP: 3/24 MP: 0/5
  1131 | D:1      | Reached skill level 1 in Conjurations
  1333 | D:1      | Reached XP level 3. HP: 29/31 MP: 1/7
  1539 | D:1      | Reached skill level 1 in Short Blades
  1964 | D:1      | Found a faded altar of an unknown god.
  2844 | D:2      | Reached XP level 4. HP: 35/39 MP: 8/8
  4463 | D:2      | Reached skill level 1 in Maces & Flails
  5561 | D:3      | Noticed a bullfrog
  5569 | D:3      | Reached XP level 5. HP: 17/46 MP: 1/9
  5570 | D:3      | Slain by a goblin

Illustrated notes

Levels and vault maps discovered:
D:1:      dpeg_arrival_round_a, layout_basic,
          shapermc_ecumenical_altar_mp_urbaneastern
D:2:      layout_basic
D:3:      layout_rooms, vehumet_altar_wand_db, minmay_circle_x, uniq_robin

Skill      XL: |  1  2  3  4 |
---------------+-------------+-----
Fire Magic     | 3 |  3.4
Dodging        | 2 |  2.4
Conjurations   | 1 |  1.4
Short Blades   | 1 |  1.0
Spellcasting   | 3 |  3.1
Maces & Flails | 1 |  1.1
Fighting       | |  0.7
Stealth        | |  1.4

Action                   |  1- 3 |  4- 6 || total
-------------------------+-------+-------++-------
Melee: Unarmed           |    17 |       ||    17
       Dagger            |    68 |       ||    68
       Club              |    32 |    67 ||    99
 Cast: Foxfire           |    58 |    76 ||   134
  Use: Scroll            |       |     2 ||     2
 Stab: Sleeping          |     1 |       ||     1
Armor: Robe              |    44 |    31 ||    75
Dodge: Dodged            |    77 |    64 ||   141

Table legend: (Time is in decaauts)
 A = Elapsed time spent in this place.
 B = Non-inter-level travel time spent in this place.
 C = Inter-level travel time spent in this place.
 D = Time resting spent in this place.
 E = Time spent auto-exploring this place.
 F = Levels seen in this place.
 G = Mean time per level.
                   A        B        C        D        E       F      G
               +--------+--------+--------+--------+--------+-----+--------+
         Total |   5596 |   5478 |    118 |   2386 |   2421 |   3 | 1865.3 |
       Dungeon |   5596 |   5478 |    118 |   2386 |   2421 |   3 | 1865.3 |
               +--------+--------+--------+--------+--------+-----+--------+

Top non-repeatable levels by time:
     D:1: 2841 daAuts
     D:2: 2745 daAuts
     D:3: 8 daAuts
